 Dungeon Crawl Stone Soup version 0.29-a0-284-gf9362112df (webtiles) character file.

Game seed: 5851956755349084004

60 spaghetti the Caller (level 3, -24/14 HPs)
             Began as a Felid Summoner on Mar 28, 2022.
             Was a Plaything of Xom.
             Killed by an exploding scorpion (34 damage)
             ... ignited by their inner flame
             ... on level 2 of the Dungeon.
             The game lasted 00:04:45 (2129 turns).

spaghetti the Caller (Felid Summoner)               Turns: 2129, Time: 00:04:46

Health: -24/14     AC:  1    Str:  4    XL:     3   Next: 82%
Magic:  1/8        EV: 17    Int: 18    God:    Xom [..*...]
Gold:   79         SH:  0    Dex: 16    Spells: 2/8 levels left
                                        Lives:  0   Deaths: 0

rFire   . . .      SeeInvis +   (weapon unavailable)
rCold   . . .      Faith    .   (shield unavailable)
rNeg    . . .      Spirit   .   (body armour unavailable)
rPois   .          Reflect  .   (helmet unavailable)
rElec   .          Harm     .   (cloak unavailable)
rCorr   .          Rampage  .   (gloves unavailable)
Will    .....                   (boots unavailable)
Stlth   ++........              (no amulet)
HPRegen 0.04/turn               (no ring)
MPRegen 0.11/turn               (no ring)

@: quick
A: very small, claws 1, fangs 3, see invisible, speed 1, shaggy fur 1, stealthy
paws, no weapons or thrown items, no armour, multi-lived
a: Renounce Religion


You were on level 2 of the Dungeon.
You worshipped Xom.
You were a toy of Xom.
You visited 1 branch of the dungeon, and saw 2 of its levels.

You collected 79 gold pieces.


Innate Abilities, Weirdness & Mutations

You have sharp claws.
You have razor-sharp teeth.
You have supernaturally acute eyesight. (SInv)
You cover ground quickly. (Speed+)
You are covered in fur. (AC +1)
Your paws help you pounce on unaware monsters.
You are incapable of wielding weapons or throwing items.
You cannot wear armour.
You gain extra lives every three experience levels.


   Skills:
 - Level 2.6 Dodging
 - Level 2.6 Stealth
 - Level 3.0 Spellcasting
 + Level 4.9 Summonings


You had 2 spell levels left.
You knew the following spells:

 Your Spells              Type           Power      Damage    Failure   Level
a - Summon Small Mammal   Summ           80%        N/A       2%          1
b - Call Imp              Summ           20%        N/A       3%          2
c - Call Canine Familiar  Summ           20%        N/A       6%          3

Your spell library contained the following spells:

 Spells                   Type           Power      Damage    Failure   Level
 Summon Guardian Golem    Hex/Summ       11%        N/A       19%         3
 Gell's Gravitas          Tloc           2%         N/A       43%         3
 Ozocubu's Armour         Ice            2%         N/A       43%         3
 Teleport Other           Tloc           2%         N/A       43%         3
 Summon Lightning Spire   Summ/Air       11%        N/A       52%         4
 Dispersal                Tloc           1%         N/A       100%        6
 Ozocubu's Refrigeration  Ice            1%         4d5       100%        7

Inventory:

Scrolls
 b - a scroll of identify {unknown}
 d - a scroll of torment {unknown}
 f - a scroll of enchant weapon {unknown}
 h - a scroll of noise {unknown}
Potions
 a - a potion of magic
 c - a potion of brilliance {unknown}
 g - a potion of mutation {unknown}

Dungeon Overview and Level Annotations

Branches:
Dungeon (2/15)

Altars:
Xom

Annotations:
D:2 Natasha

####.### #.###8#
#...# #.#...# h...###
#.#.#.## #.##.
#.'.#.P## # #
#############._.#####
#.......# ####.P#P'P#
#.#####.# #5.##.#.#.#
####.###r###...#.#
#.....)@ยฐยง.#8###.#
#.##.###rยง.#.....#
#. #.# #...#'##### s.
..# #....<...#
.###### ##.....#.####
.# ####......... .#
#.##.#.##. .. #.# .#
# #.# .


You could see a friendly crimson imp (summoned, inner flame) and 2 friendly
rats.


Message History

Confirm with . or Enter, or press ? or * to list all spells.
๐Ÿ˜Ž MP[-1]
You lost 1 mp, and now have 5/8 mp.
You swap places. ๐Ÿ˜Ž MP[+1]
Your rat barely misses the scorpion.
The scorpion stings your rat but does no damage.
What are your orders? t - Meow!
Orders for allies: a - Attack new target. p - Attack previous target. r - Retreat! s - Stop attacking. g - Guard the area. f - Follow me.
Anything else - Cancel.
Gang up on whom?
Press: ? - help, Dir - move target, f/p - scorpion
Aim: a scorpion (ally target) Attack!
The scorpion stings your rat.
Your rat dies!
Your rat's corpse disappears in a puff of smoke!
Your rat barely misses the scorpion.
Your rat bites the scorpion.
Casting: Summon Small Mammal (safe; 2% risk of failure)
Confirm with . or Enter, or press ? or * to list all spells.
The scorpion closely misses your rat.
Your rat barely misses the scorpion. ๐Ÿ˜Ž MP[-1]
You lost 1 mp, and now have 5/8 mp.
Unknown command.
The scorpion misses you.
Your rat bites the scorpion but does no damage.
The scorpion barely misses your rat.
Your rat closely misses the scorpion.
Your rat bites the scorpion but does no damage.
The scorpion stings your rat.
Your rat dies!
Your rat's corpse disappears in a puff of smoke!
Your rat bites the scorpion.
Casting: Summon Small Mammal (safe; 2% risk of failure)
Confirm with . or Enter, or press ? or * to list all spells.
A beastly little devil appears in a puff of flame.
Your rat bites the scorpion.
The scorpion misses your crimson imp. ๐Ÿ˜Ž MP[-2]
You lost 2 mp, and now have 3/8 mp.
Casting: Call Imp (safe; 3% risk of failure)
Confirm with . or Enter, or press ? or * to list all spells.
The spell is extremely dangerous to miscast (6% risk of failure)!
Continue anyway?
Your rat barely misses the scorpion.
The scorpion barely misses your crimson imp. ๐Ÿ˜Ž MP[-2]
You lost 2 mp, and now have 1/8 mp.
You swap places.
The scorpion completely misses your hound.
Casting: Call Canine Familiar (extremely dangerous; 6% risk of failure)
Confirm with . or Enter, or press ? or * to list all spells.
You don't have enough magic to cast this spell.
Your hound barely misses the scorpion.
The scorpion stings your hound!
Your hound is poisoned.
The scorpion poisons your hound!
Your rat bites the scorpion but does no damage. "Let's try an experiment, hmmm?"
Your potion of magic falls out of your pack, then immediately jumps back in!
Your hound bites the scorpion but does no damage.
The scorpion barely misses your hound.
Your hound barely misses the scorpion.
Your rat bites the scorpion but does no damage.
The scorpion barely misses your hound.
Your hound barely misses the scorpion.
Your rat bites the scorpion but does no damage.
Your hound misses the scorpion. The scorpion stings your hound.
Your hound looks as sick as possible!
The scorpion poisons your hound!
Your hound bites the scorpion but does no damage.
Your rat bites the scorpion but does no damage.
The scorpion stings your hound.
Your hound dies!
Your hound's corpse disappears in a puff of smoke!
You aren't carrying any items that you can evoke.
Casting: Call Canine Familiar (extremely dangerous; 6% risk of failure)
Confirm with . or Enter, or press ? or * to list all spells.
The scorpion closely misses your crimson imp.
Your rat bites the scorpion but does no damage. ๐Ÿ˜Ž MP[-1]
You lost 1 mp, and now have 0/8 mp.
As you read the scroll labelled VAROEN NU NUAC, it crumbles to dust.
The creatures around you are filled with an inner flame!
It was a scroll of immolation.
Your crimson imp barely misses the scorpion.
The scorpion closely misses your crimson imp.
Your rat bites the scorpion.
Flame seeps out of the scorpion.
Unknown command.
Okay, then.
You swap places.
The scorpion is engulfed in blazing flames.
Flame seeps out of the scorpion.
The scorpion stings you.
Your rat closely misses the scorpion. ๐Ÿ˜ฎ HP[-4]
You take 4 damage, and now have 10/14 hp.
MASSIVE DAMAGE!! (PAUSE)
The scorpion is engulfed in blazing flames.
The scorpion explodes!
The fiery explosion engulfs you!!
Ouch! That really hurt!
You die...
Xom giggles madly!

Skill      XL: |  1  2  3 |
---------------+----------+-----
Spellcasting   | 3 |  3.0
Dodging        | |  2.6
Stealth        | |  2.6
Summonings     | |  4.9

Action                   || total
-------------------------++-------
Melee: Unarmed           ||    51
       Bite              ||     5
 Cast: Summon Small Mamm ||    39
       Call Imp          ||     3
       Call Canine Famil ||     1
  Use: Potion            ||     1
       Scroll            ||     1
 Stab: Sleeping          ||     2
Armor: Skin              ||     5
Dodge: Dodged            ||    59

Levels and vault maps discovered:
D:1:      lightli_iron_boxes, layout_basic
D:2:      minmay_evil_eye, layout_loops_cross, shapermc_ecumenical_altar_ellora,
          uniq_natasha, uniq_sigmund

Notes
Turn   | Place    | Note
-------+----------+-------------------------------------------
     0 | D:1      | spaghetti the Felid Summoner began the quest for the Orb.
     0 | D:1      | Reached XP level 1. HP: 7/7 MP: 4/4
     0 | D:1      | magus.rc [v1.9.6]
   612 | D:1      | Reached XP level 2. HP: 11/11 MP: 1/6
   619 | D:2      | Found a faded altar of an unknown god.
   744 | D:2      | Noticed Natasha
   751 | D:2      | Noticed a crimson imp
   756 | D:2      | HP: 1/11 [Natasha (7)]
   759 | D:2      | Killed Natasha
   760 | D:2      | Reached XP level 3. HP: 1/14 MP: 5/8
  1105 | D:2      | Noticed Natasha
  1230 | D:1      | You add the spells Ozocubu's Armour and Ozocubu's
                  | Refrigeration to your library.
  1414 | D:1      | You add the spells Gell's Gravitas, Teleport Other and
                  | Dispersal to your library.
  1429 | D:1      | Reached skill level 3 in Spellcasting
  1863 | D:1      | Learned a level 2 spell: Call Imp
  1867 | D:1      | Learned a level 3 spell: Call Canine Familiar
  2045 | D:2      | Prayed at the altar of an unknown god.
  2045 | D:2      | Became a worshipper of Xom of Chaos
  2095 | D:2      | Noticed a scorpion
  2123 | D:2      | XOM: silly message
  2129 | D:2      | Killed a scorpion
  2129 | D:2      | Killed by an exploding scorpion... ignited by their inner
                  | flame

Vanquished Creatures
  A scorpion (D:2)
  A dart slug (D:1)
  An endoplasm (D:1)
  A goblin (D:1)
  A bat (D:1)
  A frilled lizard (D:1)
  A kobold (D:1)
  A rat (D:1)
8 creatures vanquished.

Vanquished Creatures (collateral kills)
  Natasha (D:2)
  A dart slug (D:1)
  2 endoplasms
  2 giant cockroaches (D:2)
  2 goblins
  3 hobgoblins (D:1)
  4 quokkas
  2 ball pythons
  3 bats
  A kobold (D:2)
  4 rats (D:1)
25 creatures vanquished.

Vanquished Creatures (others)
  A fungus (D:2)
  2 plants (D:2)
3 creatures vanquished.

Grand Total: 36 creatures vanquished

Table legend:
 A = Non-vault XP
 B = Vault XP
 C = Vault XP percentage of total XP
 D = Non-vault monster count
 E = Vault monster count
 F = Vault count percentage of total count
                 A         B        C        D         E       F
            +---------+---------+-------+---------+---------+-------
      Total |     132 |      35 |  21.0 |      32 |       1 |   3.0
            +---------+---------+-------+---------+---------+-------
        D:1 |      39 |       0 |   0.0 |      23 |       0 |   0.0
        D:2 |      93 |      35 |  27.3 |       9 |       1 |  10.0
            +---------+---------+-------+---------+---------+-------

Illustrated notes

Table legend:
 A = Kills in this place as a percentage of kills in entire the game.
 B = Kills by you in this place as a percentage of kills by you in the entire game.
 C = Kills by friends in this place as a percentage of kills by friends in the entire game.
 D = Other kills in this place as a percentage of other kills in the entire game.
 E = Experience gained in this place as a percentage of experience gained in the entire game.
 F = Experience gained in this place divided by the number of levels of this place that you have seen.
                   A       B       C       D       E      F
               +-------+-------+-------+-------+-------+----------------------
         Total | 100.0 | 100.0 | 100.0 |   N/A | 100.0 |  83.5
       Dungeon | 100.0 | 100.0 | 100.0 |   N/A | 100.0 |  83.5
               +-------+-------+-------+-------+-------+----------------------

Table legend: (Time is in decaauts)
 A = Elapsed time spent in this place.
 B = Non-inter-level travel time spent in this place.
 C = Inter-level travel time spent in this place.
 D = Time resting spent in this place.
 E = Time spent auto-exploring this place.
 F = Levels seen in this place.
 G = Mean time per level.
                   A        B        C        D        E       F      G
               +--------+--------+--------+--------+--------+-----+--------+
         Total |   1935 |   1861 |     74 |    522 |   1004 |   2 |  967.5 |
       Dungeon |   1935 |   1861 |     74 |    522 |   1004 |   2 |  967.5 |
               +--------+--------+--------+--------+--------+-----+--------+

Top non-repeatable levels by time:
     D:1: 1309 daAuts
     D:2: 625 daAuts
